 Dungeon Crawl Stone Soup version 0.19-a0-1907-gcff654f (webtiles) character file.

3025 lorenzova the Thaumaturge (level 9, -3/45 HPs)
             Began as a Deep Elf Conjurer on Oct 21, 2016.
             Was a Priest of Vehumet.
             Slain by a hog (10 damage)
             ... on level 7 of the Dungeon.
             The game lasted 00:24:59 (9675 turns).

lorenzova the Thaumaturge (Deep Elf Conjurer)       Turns: 9675, Time: 00:25:00

Health: -3/45      AC:  4    Str:  5    XL:     9   Next: 55%
Magic:  27/27      EV: 13    Int: 24    God:    Vehumet [***...]
Gold:   389        SH:  6    Dex: 15    Spells: 2 memorised, 27 levels left

rFire  . . .     SeeInvis .     d - +2 rapier (venom)
rCold  . . .     Gourm    .     a - +0 robe
rNeg   . . .     Faith    .     (no shield)
rPois  .         Spirit   .     (no helmet)
rElec  .         Reflect  +     B - +0 cloak
rCorr  .         Harm     .     (no gloves)
MR     .....                    r - +0 pair of boots
Stlth  ++........               s - +6 amulet of reflection
                                (no ring)
                                (no ring)

@: about to teleport
A: no striking features
a: Renounce Religion


You were on level 7 of the Dungeon.
You worshipped Vehumet.
Vehumet was most pleased with you.
You were very hungry.

You visited 1 branch of the dungeon, and saw 7 of its levels.

You collected 389 gold pieces.

Inventory:

Hand Weapons
 d - a +2 rapier of venom (weapon)
Armour
 a - a +0 robe (worn)
 r - a +0 pair of boots (worn)
 B - a +0 cloak (worn)
Jewellery
 n - an uncursed ring of fire
 s - a +6 amulet of reflection (around neck)
Wands
 E - a wand of confusion (23/48)
Scrolls
 f - a scroll of enchant armour {unknown}
 i - 2 scrolls of fear {unknown}
 j - a scroll of blinking {unknown}
 k - 2 scrolls of amnesia {unknown}
 l - 3 scrolls of teleportation
 m - a scroll of remove curse {unknown}
 o - a scroll of noise {unknown}
 t - a scroll of immolation {unknown}
 u - 2 scrolls of fog {unknown}
 v - a scroll of enchant weapon {unknown}
 y - 2 scrolls of random uselessness {unknown}
 C - 2 scrolls of recharging {unknown}
Potions
 e - a potion of agility {unknown}
 g - 2 potions of lignification
 p - 2 potions of curing
 q - a potion of heal wounds
 x - a potion of haste
 z - a potion of berserk rage
 A - a potion of invisibility
 D - a potion of beneficial mutation {unknown}
Books
 b - a book of Conjurations

   Spells                             Type                      Level
   a - Magic Dart                     Conjuration                  1
   b - Searing Ray                    Conjuration                  2
   c - Dazzling Spray                 Conjuration/Hexes            3
   d - Fulminant Prism                Conjuration/Hexes            4
   e - Iskenderun's Mystic Blast      Conjuration                  4
   f - Iskenderun's Battlesphere      Conjuration/Charms           5
 w - a book of Misfortune

   Spells                             Type                      Level
   a - Confusing Touch                Hexes                        1
   b - Confuse                        Hexes                        3
   c - Gell's Gravitas                Hexes/Translocation          3
   d - Petrify                        Transmutation/Earth          4
   e - Metabolic Englaciation         Hexes/Ice                    5
   f - Yara's Violent Unravelling     Hexes/Transmutation          5
Comestibles
 c - 5 bread rations
 h - a beef jerky


   Skills:
 - Level 2.4 Dodging
 - Level 2.4 Stealth
 + Level 12.4 Spellcasting
 + Level 11.1 Conjurations


You had 27 spell levels left.
You knew the following spells:

 Your Spells              Type           Power        Failure   Level  Hunger
a - Magic Dart            Conj           ####         1%          1    None
c - Iskenderun's Mystic   Conj           ######..     1%          4    None


Dungeon Overview and Level Annotations

Branches:
Dungeon (7/15)             Temple (0/1) D:7

Altars:
Fedhas
Kikubaaqudgha
Makhleb
Nemelex Xobeh
Qazlal
Uskayaw
Vehumet
Yredelemnul
The Shining One

Shops:
D:7 %

Annotations:
D:4 nht's ghost, amateur MiHu


Message History

A killer bee comes into view.
The hog bites you.
A killer bee comes into view.
You block the hog's attack.
The killer bee moves out of view.
The hog bites you! The hog bites you. You block the hog's attack. x2
The hog bites you! The human hits you but does no damage.
You block the hog's attack.
As you read the scroll labeled GIUXA QELAPLE, it crumbles to dust.
You feel strangely unstable.
It was a scroll of teleportation.
The hog barely misses you. The hog completely misses you.
The human hits you with a hand axe. The hog bites you but does no damage.
The human closely misses you. You block the hog's attack.
Your surroundings seem slightly different.
You are feeling very hungry.
You block the hog's attack. The hog bites you!
* * * LOW HITPOINT WARNING * * *
As you read the scroll of teleportation, it crumbles to dust.
You feel strangely unstable. The hog bites you!
You die...

#...#Yh#.p# #...#..#..#
#...#####p## #..........#
#.)...#......# ##.....########
#......# #..p...#
#########.@h...#
######.........h...§# ###
##..............###### #.#####
................# #####......
................# ##.....##...
.>.....y.######## ###...###...##
.........###########....###<.###
......(....)))(...∩....## #.##
.........############.## #.#


You could see 2 hogs and a human.

Vanquished Creatures
  Grinder (D:4)
  A hippogriff (D:7)
  Eustachio (D:5)
  2 ice beasts (D:6)
  A phantom (D:4)
  4 ogres
  A centaur (D:6)
  A big kobold (D:7)
  Blork the orc (D:6)
  4 bullfrogs
  4 killer bees (D:7)
  8 wights
  A bullfrog zombie (D:7)
  A howler monkey (D:4)
  4 crimson imps
  3 jellies (D:6)
  A hound (D:6)
  An orc priest (D:5)
  3 orc wizards (D:4)
  A bullfrog skeleton (D:5)
  An iguana (D:5)
  A worker ant (D:6)
  A killer bee zombie (D:7)
  A hound zombie (D:6)
  A hound skeleton (D:7)
  A worker ant zombie (D:6)
  14 gnolls
  8 adders
  2 howler monkey skeletons
  A shadow imp (D:5)
  An ooze (D:2)
  An adder zombie (D:6)
  4 worms
  A dart slug (D:3)
  4 leopard geckos
  26 orcs
  2 ball pythons
  9 bats
  4 giant cockroaches
  8 goblins
  5 hobgoblins
  15 jackals
  10 kobolds
  5 quokkas
  A ball python zombie (D:5)
  8 frilled lizards
  A jackal skeleton (D:6)
  A jackal zombie (D:5)
  A quokka skeleton (D:6)
  A quokka zombie (D:7)
  8 rats
191 creatures vanquished.

Vanquished Creatures (others)
  2 orcs
2 creatures vanquished.

Grand Total: 193 creatures vanquished

Notes
Turn   | Place    | Note
-------+----------+-------------------------------------------
     0 | D:1      | lorenzova the Deep Elf Conjurer began the quest for the Orb.
     0 | D:1      | Reached XP level 1. HP: 10/10 MP: 6/6
   158 | D:1      | Reached XP level 2. HP: 8/15 MP: 0/8
   492 | D:1      | Reached skill level 4 in Spellcasting
   735 | D:1      | Reached XP level 3. HP: 19/19 MP: 6/10
   851 | D:1      | Reached skill level 5 in Conjurations
   968 | D:2      | Found a blossoming altar of Fedhas.
  1609 | D:2      | Reached XP level 4. HP: 17/24 MP: 1/12
  1703 | D:2      | Learned a level 4 spell: Iskenderun's Mystic Blast
  1872 | D:2      | Found a basalt altar of Yredelemnul.
  2310 | D:3      | HP: 1/24 [orc/club (6)]
  2312 | D:3      | Reached skill level 5 in Spellcasting
  3405 | D:3      | Found a burning altar of Makhleb.
  3410 | D:3      | Reached XP level 5. HP: 28/28 MP: 6/14
  3532 | D:4      | Found a radiant altar of Vehumet.
  3543 | D:4      | Became a worshipper of Vehumet
  3651 | D:4      | Found a stormy altar of Qazlal.
  3850 | D:4      | Found an ancient bone altar of Kikubaaqudgha.
  3889 | D:4      | Noticed Grinder
  3893 | D:4      | Killed Grinder
  3893 | D:4      | Reached skill level 6 in Spellcasting
  3893 | D:4      | Reached XP level 6. HP: 32/32 MP: 2/17
  4055 | D:4      | Reached skill level 7 in Spellcasting
  4079 | D:4      | Reached * piety under Vehumet
  4079 | D:4      | Offered knowledge of Sting by Vehumet.
  4403 | D:4      | Noticed nht's ghost (amateur MiHu)
  5024 | D:4      | Reached XP level 7. HP: 36/36 MP: 14/19
  5269 | D:4      | Reached skill level 8 in Spellcasting
  5379 | D:4      | Found a hide-covered altar of Uskayaw.
  5560 | D:5      | Entered Level 5 of the Dungeon
  5623 | D:5      | Noticed Eustachio
  6145 | D:5      | Killed Eustachio
  6520 | D:5      | Reached skill level 9 in Spellcasting
  6633 | D:5      | Offered knowledge of Shock by Vehumet.
  6640 | D:5      | Reached XP level 8. HP: 41/41 MP: 12/23
  6708 | D:5      | Reached ** piety under Vehumet
  7386 | D:6      | Found a glowing golden altar of the Shining One.
  7482 | D:6      | Reached skill level 10 in Spellcasting
  7918 | D:6      | Noticed Blork the orc
  7984 | D:6      | Killed Blork the orc
  8067 | D:6      | Reached skill level 10 in Conjurations
  8132 | D:6      | Reached skill level 11 in Spellcasting
  8342 | D:6      | Reached XP level 9. HP: 45/45 MP: 22/26
  8471 | D:7      | Found a sparkling altar of Nemelex Xobeh.
  8670 | D:7      | Offered knowledge of Inner Flame by Vehumet.
  8935 | D:7      | Reached skill level 12 in Spellcasting
  9105 | D:7      | Found Holutu's Food Boutique.
  9325 | D:7      | Found a staircase to the Ecumenical Temple.
  9522 | D:7      | Reached *** piety under Vehumet
  9675 | D:7      | Slain by a hog

Vault maps used:
D:1:      minmay_arrival_hallway, minmay_misc_feat_square, minivault_14
D:2:      fedhas_altar_2, lemuel_doored_altar, minmay_distorted
D:3:      minmay_wonky_spiral, makhleb_grotto_becter, eino_tiny_chamber,
          st_stairs_3
D:4:      lemuel_crystal_altar, grunt_qazlal_clouds, marbit_many_paths,
          lemuel_round_altar, uniq_grinder
D:5:      first_bread, uniq_eustachio
D:6:      nicolae_overflow_crystal_walls, uniq_blork_the_orc
D:7:      nemelex_altar_shiori, serial_shops, shop, grunt_livestock,
          kennysheep_generic_room_16

Skill      XL: |  1  2  3  4  5  6  7  8  9 |
---------------+----------------------------+-----
Spellcasting   | 4 5 6 7 9 11 12 | 12.4
Conjurations   | 5 6 7 8 10 11 | 11.1
Dodging        | |  2.4
Stealth        | |  2.4

Action                   |  1- 3 |  4- 6 |  7- 9 || total
-------------------------+-------+-------+-------++-------
Melee: Dagger            |    17 |    10 |    22 ||    49
       Rapier            |       |       |     8 ||     8
 Cast: Magic Dart        |    77 |   150 |   288 ||   515
       Iskenderun's Myst |       |    14 |    61 ||    75
  Use: Scroll            |       |       |    11 ||    11
 Stab: Sleeping          |       |     1 |     1 ||     2
  Eat: Chunk             |     2 |     8 |    11 ||    21
       Royal jelly       |       |     1 |       ||     1
       Fruit             |       |     3 |       ||     3
       Beef jerky        |       |       |     2 ||     2
Armor: Robe              |     7 |    12 |    11 ||    30
Dodge: Dodged            |    20 |    28 |    51 ||    99
Block: Other             |       |       |    39 ||    39
       Reflection        |       |       |     2 ||     2
